 Dungeon Crawl Stone Soup version 0.28.0-43-g3370ac3207 (webtiles) character file.

Game seed: 12496319758563601354

3 Cykl0x the Magician (level 1, -2/15 HPs)
             Began as a Djinni Fire Elementalist on Mar 29, 2022.
             Slain by a goblin
             ... wielding a +0 club
             ... led by Robin
              (3 damage)
             ... on level 2 of the Dungeon.
             The game lasted 00:01:33 (230 turns).

Cykl0x the Magician (Djinni Fire Elementalist)       Turns: 230, Time: 00:01:34

Health: -2/15      AC:  2    Str:  7    XL:     1   Next: 55%
Gold:   8          EV: 12    Int: 16    God:
                   SH:  0    Dex: 13

rFire   + + .      SeeInvis .   c - +0 club
rCold   x . .      Faith    .   (no shield)
rNeg    . . .      Spirit   .   a - +0 robe
rPois   ∞          Reflect  .   (no helmet)
rElec   .          Harm     .   (no cloak)
rCorr   .          Rampage  .   (no gloves)
Will    .....                   (boots unavailable)
Stlth   ++........              (no amulet)
HPRegen 0.05/turn               (no ring)
MPRegen 0.00/turn               (no ring)

@: flying
A: sickness immunity, fire resistance 2, cold vulnerability 1, float, innate
caster, HP casting, extra vitality 1
a: no special abilities


You were on level 2 of the Dungeon.
You visited 1 branch of the dungeon, and saw 2 of its levels.

You collected 8 gold pieces.

Inventory:

Hand Weapons
 c - a +0 club (weapon)
Armour
 a - a +0 robe (worn)
Scrolls
 b - a scroll of teleportation {unknown}


   Skills:
 + Level 2.2 Dodging
 + Level 1.6 Stealth
 + Level 2.5 Spellcasting


You couldn't memorise any spells.
You knew the following spells:

 Your Spells              Type           Power      Damage    Failure   Level
a - Foxfire               Conj/Fire      40%        2x1d6     7%          1
b - Scorch                Fire           20%        2d6       11%         2
c - Conjure Flame         Conj/Fire      10%        6-21      21%         3
d - Inner Flame           Hex/Fire       10%        N/A       21%         3
e - Flame Wave            Conj/Fire      10%        2d5       56%         4
Your spell library was empty.

Dungeon Overview and Level Annotations

Branches:
Dungeon (1/15)

Altars:

Annotations:
D:2 Robin


Innate Abilities, Weirdness & Mutations

You are immune to sickness and miasma.
You are immune to poison.
Your flesh is very heat resistant. (rF++)
You are vulnerable to cold. (rC-)
You float through the air rather than walking.
You learn spells naturally, not from books.
Your magical power is your life essence.
You have superior vitality. (+4 MHP)


Message History

Found 5 gold pieces.
Found two stone staircases leading up and a stone staircase leading down.
You conjure some foxfire!
Robin shouts!
The goblin shouts! x2; You hear a shout!
The foxfire hits the hobgoblin.
The hobgoblin is heavily wounded.
A goblin comes into view. It is wielding a +0 club.
You conjure some foxfire!
The foxfire hits the hobgoblin.
The hobgoblin is almost dead.
Robin says, "My goblins will feast on your bones."
Robin roars a battlecry!
The goblins go into a battle-frenzy!
The hobgoblin hits you but does no damage.
You conjure some foxfire!
The foxfire hits the hobgoblin.
You kill the hobgoblin!
The foxfire hits the hobgoblin.
The hobgoblin is moderately wounded.
You conjure some foxfire!
The goblin barely misses you. The hobgoblin barely misses you.
A goblin comes into view. It is wielding a +0 dagger.
There is not enough space to conjure foxfire!
There is not enough space to conjure foxfire!
Your foxfire dissipates!
The goblin misses you. The hobgoblin hits you.
A hobgoblin comes into view.
The hobgoblin closely misses you. Robin throws the goblin at you!
The goblin misses you. The goblin hits you with a +0 dagger.
* * * LOW HITPOINT WARNING * * *
You hit the goblin.
The goblin is severely wounded.
Robin roars a battlecry!
The hobgoblin goes into a battle-frenzy!
The goblin hits you with a +0 club.
* * * LOW HITPOINT WARNING * * *
The goblin hits you but does no damage.
You closely miss the goblin.
The goblin is severely wounded.
The goblin hits you with a +0 club.
You die...

#. ####.
...#.##
.<.....
##$...g##
.<...ggg#
##....gg#
#...B#g#
#....#@#
....# #g#
##.. #..
#> #### .


You could see Robin, 2 hobgoblins and 5 goblins.

Vanquished Creatures
  A giant cockroach (D:1)
  A hobgoblin (D:2)
  A bat (D:1)
3 creatures vanquished.

Vanquished Creatures (others)
  10 foxfires
10 creatures vanquished.

Grand Total: 13 creatures vanquished

Notes
Turn   | Place    | Note
-------+----------+-------------------------------------------
     0 | D:1      | Cykl0x the Djinni Fire Elementalist began the quest for the
                  | Orb.
     0 | D:1      | Reached XP level 1. HP: 15/15 MP: 0/0
   221 | D:1      | You are sucked into a shaft and drop 1 floor!
   221 | D:2      | Noticed Robin
   230 | D:2      | Slain by a goblin

Illustrated notes

Levels and vault maps discovered:
D:1:      dpeg_arrival_water_fire, layout_basic,
          shapermc_ecumenical_altar_petra, serial_glass, glass_columns_a,
          glass_columns_a
D:2:      layout_loops_ring, basic_altar, minmay_strange_pillars,
          minmay_misc_feat_tiny, minmay_gold_behind_fungi, uniq_robin

Action                   || total
-------------------------++-------
Melee: Unarmed           ||     3
       Club              ||     2
 Cast: Foxfire           ||     9
Armor: Robe              ||     4
Dodge: Dodged            ||     5
